 Dungeon Crawl Stone Soup version 0.31-a0-237-g2d982f9f85 (webtiles) character file.

Game seed: 12039991113705429101

719 qw the Skirmisher (level 7, -4/59 HPs)
             Began as a Minotaur Hexslinger on July 10, 2023.
             Slain by a lemure (5 damage)
             ... led by Pikel
             ... on level 5 of the Dungeon.
             The game lasted 00:01:06 (3357 turns).

qw the Skirmisher (Minotaur Hexslinger)             Turns: 3357, Time: 00:01:06

Health: -4/59      AC:  5    Str: 12    XL:     7   Next: 42%
Magic:  7/7        EV: 11    Int: 10    God:
Gold:   196        SH:  0    Dex: 15    Spells: 7/8 levels left

rFire   . . .        Y - +3 arbalest (flame)
rCold   . . .        (shield currently unavailable)
rNeg    . . .        k - +0 ring mail
rPois   .            (helmet restricted)
rElec   .            (no cloak)
rCorr   .            (no gloves)
SInv    +            (no boots)
Will    .....        e - amulet of the acrobat
Stlth   +            a - ring of see invisible
HPRegen 0.29/turn    (no ring)
MPRegen 0.10/turn

%: acrobat
@: about to teleport
A: horns 2, retaliatory headbutt
a: no special abilities


You were on level 5 of the Dungeon.
You visited 1 branch of the dungeon, and saw 5 of its levels.

You collected 196 gold pieces.


Innate Abilities, Weirdness & Mutations

You have a pair of horns on your head.
You reflexively headbutt those who attack you in melee.


   Skills:
 + Level 4.2 Fighting
 - Level 8.3 Ranged Weapons
 - Level 1.1 Armour
 - Level 2.1 Dodging
 - Level 1.0 Spellcasting
 - Level 2.0 Hexes


You had 7 spell levels left.
You knew the following spells:

 Your Spells              Type           Power      Damage    Failure   Level
a - Slow                  Hex            16%        N/A       34%         1

Your spell library contained the following spells:

 Spells                   Type           Power      Damage    Failure   Level
 Inner Flame              Hex/Fire       2%         N/A       83%         3
 Portal Projectile        Hex/Tloc       4%         N/A       83%         3
 Cause Fear               Hex            2%         N/A       98%         4

Inventory:

Hand Weapons
 Y - a +3 arbalest of flaming (weapon)
Armour
 c - a +0 pair of boots
 k - a +0 ring mail (worn)
Jewellery
 a - a ring of see invisible (left hand)
 e - an amulet of the acrobat (around neck)
Scrolls
 l - a scroll of teleportation
Potions
 b - a potion of magic {unknown}
 d - a potion of heal wounds
 f - a potion of invisibility {unknown}
 g - a potion of brilliance {unknown}
 h - a potion of haste {unknown}
 i - a potion of resistance {unknown}
 j - 2 potions of curing
 n - a potion of cancellation {unknown}
 o - a potion of lignification {unknown}

Dungeon Overview and Level Annotations

Branches:
Dungeon (5/15)
 Temple: D:4-7

Altars:
Dithmenos
The Shining One

Annotations:
D:3 3 runed translucent doors, qw's ghost, amateur GrHs
D:4 3 runed translucent doors, qw's ghost, amateur MiHs
D:5 Pikel


Message History

You shoot a bolt. The bolt hits the lemure!
The bolt burns the lemure.
The lemure is heavily wounded.
The lemure hits you! The hound bites you but does no damage.
You shoot a bolt. The bolt closely misses the lemure.
The hound barely misses you. The lemure barely misses you.
You furiously retaliate!
You headbutt the lemure, but do no damage.
The hound barely misses you. You furiously retaliate!
You headbutt the hound! The lemure closely misses you.
You shoot a bolt. The bolt hits the hound!
The bolt burns the hound.
You kill the hound!
The lemure hits you but does no damage. The lemure hits you.
You shoot a bolt. The bolt closely misses Pikel.
The lemure hits you but does no damage.
Pikel hits you with a +1 whip of flaming!
Pikel burns you.
You shoot a bolt. The bolt hits Pikel!
The bolt burns Pikel.
Pikel is moderately wounded.
The lemure hits you! Pikel closely misses you. The lemure closely misses you.
You furiously retaliate!
You headbutt the lemure. Pikel barely misses you.
You shoot a bolt. The bolt hits Pikel.
The bolt burns Pikel.
Pikel is moderately wounded.
The lemure barely misses you. Pikel closely misses you.
You shoot a bolt. The bolt closely misses Pikel.
The bolt barely misses the lemure.
The lemure completely misses you. You furiously retaliate!
You headbutt the lemure.
Pikel hits you with a +1 whip of flaming!
Pikel burns you. The lemure barely misses you. Pikel completely misses you.
You shoot a bolt. The bolt closely misses Pikel.
The bolt hits the lemure.
The bolt burns the lemure.
The lemure is heavily wounded.
The lemure barely misses you. You furiously retaliate!
You headbutt the lemure.
Pikel hits you with a +1 whip of flaming!
Pikel burns you. Pikel closely misses you. The lemure hits you.
3357 ||| READING 2 scrolls of teleportation.
As you read the scroll of teleportation, it crumbles to dust.
You feel strangely unstable. The lemure hits you.
You die...

............##.......##
.............#...##....
......................#
.......................
.......................
#.....>.............
###..#.##...........
#...####...........
##@## ..........#. #5K#
..........#. #..5.
#......... #.#.#.
##........ #.####..#
#....##.. ..
##..###..)..... ..
.......#........ ...
.....<..........
.............)..


You could see Pikel and 2 lemures.

Vanquished Creatures
  Sigmund (D:3)
  An ice beast (D:5)
  2 lemures (D:5)
  A scorpion (D:3)
  A jelly (D:5)
  3 orc priests
  A hound (D:5)
  An iguana (D:5)
  An orc wizard (D:5)
  Natasha (thrice) (D:2)
  5 adders
  A worm (D:2)
  4 dart slugs
  6 orcs
  9 ball pythons
  8 endoplasms
  3 giant cockroaches
  5 hobgoblins
  3 jackals (D:1)
  5 quokkas
  2 bats
  5 frilled lizards
  10 goblins
  6 kobolds
  5 rats
92 creatures vanquished.

Notes
Turn   | Place    | Note
-------+----------+-------------------------------------------
     0 | D:1      | qw the Minotaur Hexslinger began the quest for the Orb.
     0 | D:1      | Reached XP level 1. HP: 16/16 MP: 1/1
     0 | D:1      | 0 ||| qw: Version: 0.3-a-52-g30416fa
     0 | D:1      | 0 ||| qw: Game counter: 5031
     0 | D:1      | 0 ||| qw: Melee chars always use a shield: true
     0 | D:1      | 0 ||| qw: God list: Okawaru
     0 | D:1      | 0 ||| qw: Allow faded altars: false
     0 | D:1      | 0 ||| qw: Do Orc after clearing Dungeon:15 true
     0 | D:1      | 0 ||| qw: Do second Lair branch before Depths: true
     0 | D:1      | 0 ||| qw: Lair rune preference: random
     0 | D:1      | 0 ||| qw: Goals: Normal
     0 | D:1      | 0 ||| PLANNING D:1-11
   202 | D:1      | Reached skill level 3 in Ranged Weapons
   204 | D:1      | Reached XP level 2. HP: 23/23 MP: 2/2
   555 | D:1      | Reached XP level 3. HP: 29/29 MP: 3/3
   922 | D:1      | 922 ||| UPGRADING to +0 leather armour.
   932 | D:1      | 932 ||| DROPPING +0 robe.
   933 | D:1      | 933 ||| UPGRADING to +0 ring mail.
   943 | D:1      | 943 ||| DROPPING +0 leather armour.
   944 | D:1      | 944 ||| DROPPING ring of flight.
   945 | D:1      | 945 ||| READING scroll labelled USICAE ELYCH.
   946 | D:1      | 946 ||| READING scroll labelled HIBLIETINU.
   946 | D:1      | Identified a scroll of acquirement
   946 | D:1      | 946 ||| ACQUIRING +2 arbalest of flaming
   946 | D:1      | Acquired a +2 arbalest of flaming
   948 | D:1      | 948 ||| SWAPPING to +2 arbalest of flaming.
   949 | D:1      | 949 ||| DROPPING +1 sling.
   950 | D:1      | 950 ||| READING scroll labelled LYORYU SOINTO.
   951 | D:1      | 951 ||| DRINKING 2 fuming golden potions.
   952 | D:1      | 952 ||| DRINKING 2 inky potions.
   953 | D:1      | 953 ||| DRINKING 2 fuming silvery potions.
   954 | D:1      | 954 ||| DROPPING scroll of poison.
   955 | D:1      | 955 ||| DROPPING potion of attraction.
  1026 | D:2      | Noticed Natasha
  1031 | D:2      | Killed Natasha
  1032 | D:2      | Reached skill level 4 in Ranged Weapons
  1103 | D:2      | Reached skill level 1 in Armour
  1103 | D:2      | Reached XP level 4. HP: 26/36 MP: 4/4
  1160 | D:2      | Noticed Natasha
  1168 | D:2      | Killed Natasha
  1206 | D:2      | Reached skill level 5 in Ranged Weapons
  1325 | D:2      | Noticed Natasha
  1332 | D:2      | HP: 7/37 [cerulean imp/+3 spear[Natasha] (4)]
  1332 | D:2      | HP: 3/37 [Natasha (4)]
  1333 | D:2      | 1333 ||| DRINKING potion of heal wounds.
  1336 | D:2      | Killed Natasha
  1337 | D:2      | Reached skill level 3 in Fighting
  1337 | D:2      | Reached XP level 5. HP: 19/45 MP: 5/5
  1474 | D:2      | 1474 ||| UPGRADING to amulet of the acrobat.
  1479 | D:2      | 1479 ||| READING scroll labelled MICHEI ZIFFE.
  1480 | D:2      | 1480 ||| READING scroll labelled VIMPEL FEMP.
  1481 | D:2      | 1481 ||| READING scroll labelled VIGAUKLATSU.
  1658 | D:3      | Found a glowing golden altar of the Shining One.
  1754 | D:3      | Found a runed translucent gate.
  1754 | D:3      | Found a runed translucent gate.
  1754 | D:3      | Found a runed translucent gate.
  1758 | D:3      | Noticed qw's ghost (amateur GrHs)
  1758 | D:3      | Noticed qw's ghost (amateur GrHs)
  1935 | D:3      | Noticed Sigmund
  1944 | D:3      | Killed Sigmund
  1945 | D:3      | Reached skill level 6 in Ranged Weapons
  1945 | D:3      | Reached XP level 6. HP: 39/51 MP: 6/6
  2153 | D:3      | Reached skill level 7 in Ranged Weapons
  2517 | D:3      | 2517 ||| UPGRADING to ring of see invisible.
  2518 | D:3      | 2518 ||| READING scroll labelled KIJIOT XITELE.
  2599 | D:3      | 2599 ||| READING scroll labelled GYMOHU WIKHLUXT.
  2677 | D:4      | Noticed qw's ghost (amateur MiHs)
  2678 | D:4      | Found a runed translucent gate.
  2678 | D:4      | Found a runed translucent gate.
  2678 | D:4      | Found a runed translucent gate.
  2954 | D:4      | Found a shadowy altar of Dithmenos.
  3081 | D:4      | 3081 ||| READING scroll labelled ZOOSTY KAOLYU.
  3082 | D:4      | 3082 ||| READING scroll labelled NONLETYNU QUERPH.
  3094 | D:5      | Entered Level 5 of the Dungeon
  3103 | D:5      | Reached XP level 7. HP: 52/59 MP: 7/7
  3188 | D:5      | Reached skill level 8 in Ranged Weapons
  3345 | D:5      | Noticed Pikel
  3346 | D:5      | Noticed a wyvern
  3356 | D:5      | HP: 9/59 [Pikel/+1 whip of flaming (9)]
  3356 | D:5      | HP: 1/59 [lemure[Pikel] (4)]
  3357 | D:5      | 3357 ||| READING 2 scrolls of teleportation.
  3357 | D:5      | Slain by a lemure

Levels and vault maps discovered:
D:1:      amcnicky_arrival_double_pillar, layout_loops_corners,
          kennysheep_small_spiral, minmay_crystal_room
D:2:      layout_basic, uniq_natasha
D:3:      layout_basic, mainiacjoe_overflow_brackets, serial_forest,
          infiniplex_forest_straight_3, infiniplex_forest_clump_double,
          infiniplex_forest_straight_1, infiniplex_forest_clump_small,
          infiniplex_forest_corner_1, infiniplex_forest_straight_2,
          infiniplex_forest_clump_medium, gammafunk_ghost_cemetery, st_stairs_1,
          uniq_sigmund
D:4:      layout_basic, kennysheep_mini, gammafunk_ghost_split,
          chequers_serial_rivers_micro_b, eino_tiny_chamber
D:5:      kennysheep_kobold_camp, layout_cave_pools, uniq_pikel

Skill      XL: |  1  2  3  4  5  6  7 |
---------------+----------------------+-----
Ranged Weapons | 3 4 5 6 7 8 |  8.3
Fighting       | 2 3 4 |  4.2
Armour         | 1 |  1.1
Dodging        | |  2.1
Spellcasting   | |  1.0
Hexes          | |  2.0

Action                     |  1- 3 |  4- 6 |  7- 9 || total
---------------------------+-------+-------+-------++-------
   Fire: Sling             |    70 |       |       ||    70
         Arbalest          |    17 |   102 |    33 ||   152
    Use: Potion            |     3 |     1 |       ||     4
         Scroll            |     3 |     7 |     1 ||    11
 Armour: Robe              |     3 |       |       ||     3
         Ring mail         |     4 |    18 |     5 ||    27
  Dodge: Dodged            |    27 |    35 |    20 ||    82

Table legend:
 A = Non-vault XP
 B = Vault XP
 C = Vault XP percentage of total XP
 D = Non-vault monster count
 E = Vault monster count
 F = Vault count percentage of total count
                 A         B        C        D         E       F
            +---------+---------+-------+---------+---------+-------
      Total |     773 |     255 |  24.8 |      86 |       4 |   4.4
            +---------+---------+-------+---------+---------+-------
        D:1 |      49 |       0 |   0.0 |      30 |       0 |   0.0
        D:2 |     125 |      35 |  21.9 |      18 |       1 |   5.3
        D:3 |     223 |     220 |  49.7 |      18 |       3 |  14.3
        D:4 |      19 |       0 |   0.0 |       9 |       0 |   0.0
        D:5 |     357 |       0 |   0.0 |      11 |       0 |   0.0
            +---------+---------+-------+---------+---------+-------
